 Dungeon Crawl Stone Soup version 0.29.1-12-g30fa7ad0bf (webtiles) character file.

Game seed: 3620064290819313176

20 Sanktem7 the Trooper (level 2, -2/27 HPs)
             Began as a Minotaur Fighter on Jan 3, 2023.
             Slain by a worm (4 damage)
             ... on level 2 of the Dungeon.
             The game lasted 00:01:13 (802 turns).

Sanktem7 the Trooper (Minotaur Fighter)              Turns: 802, Time: 00:01:14

Health: -2/27      AC:  7    Str: 20    XL:     2   Next: 58%
Magic:  1/1        EV:  9    Int:  5    God:
Gold:   59         SH:  4    Dex:  9    Spells: 1/1 levels left

rFire   . . .      SeeInvis .   a - +0 flail {mace}
rCold   . . .      Faith    .   c - +0 buckler
rNeg    . . .      Spirit   .   b - +0 scale mail
rPois   .          Reflect  .   (helmet restricted)
rElec   .          Harm     .   (no cloak)
rCorr   .          Rampage  .   (no gloves)
Will    .....                   (no boots)
Stlth   ..........              (no amulet)
HPRegen 0.09/turn               (no ring)
MPRegen 0.07/turn               (no ring)

@: lethally poisoned (-2 -> -3)
A: horns 2, retaliatory headbutt
a: no special abilities


You were on level 2 of the Dungeon.
You visited 1 branch of the dungeon, and saw 2 of its levels.

You collected 59 gold pieces.


Innate Abilities, Weirdness & Mutations

You have a pair of horns on your head.
You reflexively headbutt those who attack you in melee.


   Skills:
 * Level 4.1 Fighting
 * Level 3.1 Maces & Flails
 + Level 3.9 Armour
 - Level 3.6 Shields


You had one spell level left.
You didn't know any spells.
Your spell library was empty.

Inventory:

Hand Weapons
 a - a +0 flail (weapon) {mace}
Missiles
 i - 5 poisoned darts (quivered) {throwing}
 l - 12 stones {throwing}
Armour
 b - a +0 scale mail (worn)
 c - a +0 buckler (worn)
 m - a +0 cloak
   (You found it on level 1 of the Dungeon)
Jewellery
 j - a ring of willpower
   (You found it on level 1 of the Dungeon)
Scrolls
 e - 3 scrolls of identify {unknown}
 g - a scroll of teleportation {unknown}
 h - a scroll of amnesia {unknown}
 k - a scroll of silence {unknown}
 o - a scroll of immolation {unknown}
Potions
 d - 2 potions of might
 f - a potion of curing {unknown}
 n - a potion of heal wounds {unknown}

Dungeon Overview and Level Annotations

Branches:
Dungeon (2/15) Zot: 11184

Altars:

## .> ### #.
##.. #. ...##
#.#....#.#
####.##....
#.....S.# #
#.w@.#
#.##.##.#
#....##.#
#####....#
#.....####
#.##...#
#....).#
#..##.##.
####........#


You could see a worm and an adder.


Message History

The hobgoblin shouts! 😎 HP[+2]
Your hp is fully restored (27).
You hit the hobgoblin. You headbutt the hobgoblin.
You block the hobgoblin's attack.
You closely miss the hobgoblin. The hobgoblin barely misses you.
You hit the hobgoblin. The hobgoblin hits you. 😕 HP[-1]
You take 1 damage, and now have 26/27 hp.
You barely miss the hobgoblin. The hobgoblin closely misses you.
You furiously retaliate!
You headbutt the hobgoblin.
You kill the hobgoblin!
No target in view!
No target in view!
No target in view!
No target in view!
No target in view!
No target in view!
There is a stone staircase leading down here.
You see here a +0 spear {polearm}.
Things that are here:
a +0 club {mace}; a kobold skeleton Done exploring. 😎 HP[+1]
Your hp is fully restored (27).
Things that are here:
a +0 club {mace}; a kobold skeleton
There is a stone staircase leading down here.
You climb downwards.
Found a stone staircase leading up.
There is a stone staircase leading up here.
You now have 54 gold pieces (gained 16).
You now have 59 gold pieces (gained 5).
A worm comes into view.
A worm is nearby!
A hobgoblin comes into view.
The hobgoblin shouts!
An adder comes into view.
Found a stone staircase leading down.
The adder hisses angrily.
The adder moves out of view.
You sock the worm! The worm bites you but does no damage.
You hit the worm. Your headbutt misses the worm.
The hobgoblin hits you but does no damage.
The worm bites you! 😮 HP[-7]
You take 7 damage, and now have 20/27 hp.
MASSIVE DAMAGE!! (PAUSE)
You are too injured to fight recklessly!
You are too injured to fight recklessly!
You are too injured to fight recklessly!
You are too injured to fight recklessly!
You are too injured to fight recklessly!
You are too injured to fight recklessly!
You are too injured to fight recklessly!
You are too injured to fight recklessly!
You are too injured to fight recklessly!
You are too injured to fight recklessly!
You are too injured to fight recklessly!
You are too injured to fight recklessly!
You are too injured to fight recklessly!
You are too injured to fight recklessly!
You are too injured to fight recklessly!
You are too injured to fight recklessly!
You are too injured to fight recklessly!
You are too injured to fight recklessly!
You thump the hobgoblin!
You kill the hobgoblin!
The adder bites you. The adder closely misses you.
You block the adder's attack.
You hit the worm.
You headbutt the worm, but do no damage.
The adder misses you. The worm bites you!
* * * LOW HITPOINT WARNING * * *
The adder bites you but does no damage. 😨 HP[-9]
You take 9 damage, and now have 11/27 hp.
MASSIVE DAMAGE!! (PAUSE)
You barely miss the worm. The adder barely misses you.
You block the worm's attack.
You barely miss the worm. The adder bites you.
* * * LOW HITPOINT WARNING * * *
You are poisoned.
The adder poisons you! The adder barely misses you. You furiously retaliate!
You headbutt the adder. 😨 HP[-3]
You take 3 damage, and now have 8/27 hp.
You hit the worm.
You feel sick. The adder barely misses you. You furiously retaliate!
You headbutt the adder. The worm bites you.
* * * LOW HITPOINT WARNING * * *
The adder bites you but does no damage. 😱 HP[-5]
You take 5 damage, and now have 3/27 hp.
You hit the worm.
You headbutt the worm, but do no damage.
* * * LOW HITPOINT WARNING * * *
You feel sick. The adder closely misses you. You furiously retaliate!
You headbutt the adder, but do no damage.
The worm bites you.
You die...

Skill      XL: |  1  2 |
---------------+-------+-----
Fighting       | 4 |  4.1
Maces & Flails | 3 |  3.1
Armour         | |  3.9
Shields        | |  3.6

Action                   || total
-------------------------++-------
Melee: Flail             ||    43
       Headbutt          ||     7
Armor: Scale mail        ||    19
Dodge: Dodged            ||    27
Block: Buckler           ||     7

Levels and vault maps discovered:
D:1:      heliophobic_arrival_dark_side_of_the_moon, layout_loops_ring
D:2:      layout_basic, shapermc_ecumenical_altar_rom_forum, basic_altar,
          grunt_decor_cap, minmay_nonomino_d4, uniq_natasha, uniq_sigmund

Notes
Turn   | Place    | Note
-------+----------+-------------------------------------------
     0 | D:1      | Sanktem7 the Minotaur Fighter began the quest for the Orb.
     0 | D:1      | Reached XP level 1. HP: 19/19 MP: 0/0
     0 | D:1      | magus.rc [v1.9.6]
   354 | D:1      | Reached XP level 2. HP: 27/27 MP: 1/1
   367 | D:1      | Reached skill level 4 in Fighting
   502 | D:1      | Reached skill level 3 in Maces & Flails
   801 | D:2      | HP: 6/27 [poisoned by an adder]
   802 | D:2      | HP: 2/27 [poisoned by an adder]
   802 | D:2      | Slain by a worm

Vanquished Creatures
  2 bats (D:1)
  2 endoplasms (D:1)
  4 goblins (D:1)
  3 hobgoblins
  A kobold (D:1)
  3 ball pythons (D:1)
  2 frilled lizards (D:1)
17 creatures vanquished.

Table legend:
 A = Non-vault XP
 B = Vault XP
 C = Vault XP percentage of total XP
 D = Non-vault monster count
 E = Vault monster count
 F = Vault count percentage of total count
                 A         B        C        D         E       F
            +---------+---------+-------+---------+---------+-------
      Total |      29 |       0 |   0.0 |      17 |       0 |   0.0
            +---------+---------+-------+---------+---------+-------
        D:1 |      27 |       0 |   0.0 |      16 |       0 |   0.0
        D:2 |       2 |       0 |   0.0 |       1 |       0 |   0.0
            +---------+---------+-------+---------+---------+-------

Illustrated notes

Table legend:
 A = Kills in this place as a percentage of kills in entire the game.
 B = Kills by you in this place as a percentage of kills by you in the entire game.
 C = Kills by friends in this place as a percentage of kills by friends in the entire game.
 D = Other kills in this place as a percentage of other kills in the entire game.
 E = Experience gained in this place as a percentage of experience gained in the entire game.
 F = Experience gained in this place divided by the number of levels of this place that you have seen.
                   A       B       C       D       E      F
               +-------+-------+-------+-------+-------+----------------------
         Total | 100.0 | 100.0 |   N/A |   N/A | 100.0 |  14.5
       Dungeon | 100.0 | 100.0 |   N/A |   N/A | 100.0 |  14.5
               +-------+-------+-------+-------+-------+----------------------

Table legend: (Time is in decaauts)
 A = Elapsed time spent in this place.
 B = Non-inter-level travel time spent in this place.
 C = Inter-level travel time spent in this place.
 D = Time resting spent in this place.
 E = Time spent auto-exploring this place.
 F = Levels seen in this place.
 G = Mean time per level.
                   A        B        C        D        E       F      G
               +--------+--------+--------+--------+--------+-----+--------+
         Total |    814 |    798 |     16 |      0 |    681 |   2 |  407.0 |
       Dungeon |    814 |    798 |     16 |      0 |    681 |   2 |  407.0 |
               +--------+--------+--------+--------+--------+-----+--------+

Top non-repeatable levels by time:
     D:1: 772 daAuts
     D:2: 41 daAuts
